 Dungeon Crawl Stone Soup version 0.13-a0-2923-g04ac8d1 (webtiles) character file.

420 JacquesDerrida the Shooter (level 5, -2/41 HPs)
             Began as a Draconian Hunter on Sept 2, 2013.
             Killed by divine providence
             ... invoked by an orc priest
              (12 damage)
             ... on Level 4 of the Dungeon.
             The game lasted 00:07:21 (2664 turns).

JacquesDerrida the Shooter (Draconian Hunter)       Turns: 2664, Time: 00:07:22

HP  -2/41        AC  5     Str 14      XL: 5   Next: 50%
MP   4/4         EV 12     Int 13      God:
Gold 219         SH  0     Dex 11      Spells:  0 memorised,  4 levels left

Res.Fire  : . . .   See Invis. : .   b - +1 bow
Res.Cold  : . . .   Warding    : .   (armour unavailable)
Life Prot.: . . .   Conserve   : .   (no shield)
Res.Poison: .       Res.Corr.  : .   m - +0 cap
Res.Elec. : .       Clarity    : .   (no cloak)
Sust.Abil.: . .     Spirit.Shd : .   (no gloves)
Res.Mut.  : .       Stasis     : .   (no boots)
Res.Rott. : .       Flight     : .   (no amulet)
Saprovore : . . .                    (no ring)
                                     (no ring)

@: slightly resistant to hostile enchantments, unstealthy
A: unfitting armour, AC +5
a: no special abilities


You were on level 4 of the Dungeon.
You were not hungry.

You visited 1 branch of the dungeon, and saw 4 of its levels.

You collected 199 gold pieces.

Inventory:

Hand weapons
 a - a +0,+0 short sword
 b - a +1,+1 bow (weapon)
Missiles
 c - 57 arrows (quivered)
Armour
 m - a +0 cap (worn)
Comestibles
 f - 2 bread rations
 o - a chunk of worker ant flesh
 p - 2 meat rations
 v - a rotting chunk of orc flesh
Scrolls
 d - a scroll of magic mapping {unknown}
 g - 2 scrolls of enchant weapon II {unknown}
 h - 3 scrolls of enchant armour {unknown}
 k - 3 scrolls of identify {unknown}
 l - a scroll of recharging {unknown}
 n - 3 scrolls of remove curse {unknown}
 q - a scroll of amnesia {unknown}
 x - a scroll of teleportation {unknown}
Potions
 e - 2 potions of agility {unknown}
 i - a potion of invisibility {unknown}
 j - 2 potions of might {unknown}
 r - a potion of speed {unknown}
 s - a potion of poison {unknown}
 t - a potion of curing {unknown}
 u - a potion of brilliance {unknown}
 w - a potion of heal wounds {unknown}


   Skills:
 - Level 1.1 Fighting
 + Level 6.2 Bows
 - Level 1.7 Dodging
 - Level 0.8 Stealth


You had 4 spell levels left.
You didn't know any spells.

Dungeon Overview and Level Annotations

Branches:
Dungeon (4/27)
 Temple: D:4-7

Altars:
Yredelemnul

Annotations:
D:3 waldfee's ghost, average TrFi


Message History

The orc hits you with an orcish short sword!
* * * LOW HITPOINT WARNING * * *
The orc priest hits you but does no damage.
Firing (i - inventory):
c - 59 arrows (quivered)
Press: ? - help, Shift-Dir - straight line, f/p - orc priest
Aim: an orc priest, wielding an orcish falchion and wearing an orcish chain mail (almost dead)
You shoot an arrow. The arrow hits the orc priest.
The orc priest is almost dead.
The orc hits you with an orcish short sword.
* * * LOW HITPOINT WARNING * * *
The orc priest hits you but does no damage.
Firing (i - inventory):
c - 58 arrows (quivered)
Press: ? - help, Shift-Dir - straight line, f/p - orc priest
Aim: an orc priest, wielding an orcish falchion and wearing an orcish chain mail (almost dead)
You shoot an arrow. The arrow hits the orc priest.
The orc priest is almost dead.
The orc completely misses you.
The orc priest calls down the wrath of Beogh upon you.
Something smites you!
You die...

....###... ....
.(....!... ....
((......# #..#
#.(.....# #..#
#..(....## ##..#
#..(...(##.##..#
#..............#
#..ooo..#####.#
#...@....)....###
#........%......#
#.......##.#....#.#
#.......##.#....#.#
#.......##.#.####.#
#.......##<.......#
.........##.########
.........##..
........#####


You could see an orc priest and 2 orcs.

Vanquished Creatures
  An ogre (D:4)
  A worker ant (D:4)
  2 adders (D:3)
  A worm (D:2)
  4 giant geckos
  2 oozes (D:1)
  9 orcs
  7 bats
  2 giant cockroaches (D:3)
  4 hobgoblins
  6 jackals
  6 kobolds
  2 quokkas
  3 giant newts
  4 goblins
  5 rats
59 creatures vanquished.

Notes
Turn   | Place    | Note
--------------------------------------------------------------
     0 | D:1      | JacquesDerrida, the Draconian Hunter, began the quest for the Orb.
     0 | D:1      | Reached XP level 1. HP: 17/17 MP: 0/0
   192 | D:1      | Reached skill level 4 in Bows
   231 | D:1      | Reached XP level 2. HP: 21/24 MP: 1/1
   750 | D:2      | Found a basalt altar of Yredelemnul.
   975 | D:2      | Reached XP level 3. HP: 29/29 MP: 2/2
  1483 | D:3      | Noticed waldfee's ghost (average TrFi)
  1659 | D:3      | Reached skill level 5 in Bows
  2069 | D:3      | Reached XP level 4. HP: 29/36 MP: 3/3
  2500 | D:4      | Noticed an ogre
  2510 | D:4      | Killed an ogre
  2510 | D:4      | Reached skill level 6 in Bows
  2510 | D:4      | Reached XP level 5. HP: 15/41 MP: 4/4
  2664 | D:4      | Killed from afar by an orc priest

Action                   |  1- 3 |  4- 6 || total
-------------------------+-------+-------++-------
Melee: Short sword       |   199 |    19 ||   218
 Fire: Bow               |    12 |    27 ||    39
 Stab: Sleeping          |     1 |       ||     1
